 Dungeon Crawl Stone Soup version 0.29.1-13-g9f3cf754e1 (webtiles) character file.

Game seed: 1838410351676501044

3229 shadowmeld the Martial Artist (level 10, 0/70 HPs)
             Began as a Djinni Monk on Jan 28, 2023.
             Was a Believer of the Shining One.
             Slain by a wight
             ... wielding a +3 halberd
              (8 damage)
             ... on level 7 of the Dungeon.
             The game lasted 00:50:08 (6573 turns).

shadowmeld the Martial Artist (Djinni Monk)         Turns: 6573, Time: 00:50:09

Health: 0/70       AC: 14    Str: 20    XL:     10   Next: 18%
Gold:   141        EV: 10    Int: 11    God:    the Shining One [**....] SH:  0 Dex: 17

rFire   + + .      SeeInvis .     - Unarmed
rCold   x . .      Faith    .   (no shield)
rNeg    + . .      Spirit   .   x - +0 chain mail
rPois   ∞          Reflect  .   (no helmet)
rElec   .          Harm     .   F - +0 cloak
rCorr   .          Rampage  .   I - +2 pair of gloves {infuse}
Will    +....                   (boots unavailable)
Stlth   ..........              g - amulet of regeneration
HPRegen 1.01/turn               p - +6 ring of strength
MPRegen 0.00/turn               (no ring)

@: about to teleport, flying, glowing
A: sickness immunity, fire resistance 2, cold vulnerability 1, float, innate
caster, HP casting, extra vitality 1
a: Renounce Religion, Divine Shield


You were on level 7 of the Dungeon.
You worshipped the Shining One.
The Shining One was pleased with you.
You visited 1 branch of the dungeon, and saw 7 of its levels.
You also visited: Ossuary.

You collected 343 gold pieces.
You spent 202 gold pieces at shops.

Inventory:

Missiles
 h - 13 poisoned darts (quivered)
 i - a throwing net
 u - 4 curare-tipped darts
Armour
 x - a +0 chain mail (worn)
 F - a +0 cloak (worn)
 H - a +0 barding
 I - a +2 pair of gloves of infusion (worn)
Jewellery
 g - an amulet of regeneration (around neck)
 p - a +6 ring of strength (left hand)
 t - a ring of protection from fire
Wands
 E - a wand of flame (8)
Scrolls
 c - 3 scrolls of poison
 f - 2 scrolls of silence {unknown}
 k - a scroll of torment {unknown}
 m - 2 scrolls of teleportation
 n - 2 scrolls of amnesia {unknown}
 q - 3 scrolls of blinking
 s - a scroll of magic mapping {unknown}
 v - 2 scrolls of noise
 w - 2 scrolls of fear {unknown}
 y - a scroll of enchant armour {unknown}
 D - a scroll of immolation {unknown}
Potions
 b - a potion of ambrosia
 d - a potion of berserk rage {unknown}
 e - 2 potions of mutation {unknown}
 j - a potion of degeneration {unknown}
 l - a potion of attraction {unknown}
 o - a potion of lignification {unknown}
 r - 2 potions of curing
 z - 3 potions of cancellation
 A - 3 potions of might {unknown}
 B - a potion of magic {unknown}
 C - a potion of resistance {unknown}
 G - a potion of flight {unknown}


   Skills:
 * Level 5.2 Fighting
 * Level 6.1 Armour
 * Level 5.9 Dodging
 - Level 1.5 Stealth
 * Level 10.0 Unarmed Combat
 * Level 3.0 Spellcasting


You had 7 spell levels left.
You knew the following spells:

 Your Spells              Type           Power      Damage    Failure   Level
a - Slow                  Hex            32%        N/A       56%         1
b - Call Imp              Summ           8%         N/A       71%         2
c - Wereblood             Tmut           8%         N/A       71%         2
d - Lesser Beckoning      Tloc           8%         N/A       90%         3
Your spell library was empty.

Dungeon Overview and Level Annotations

Branches:
Dungeon (7/15)             Temple (0/1) D:7         Ossuary (visited)

Altars:
Gozag
Hepliaklqana
Qazlal
Ru
Trog
Wu Jian
Xom
The Shining One

Shops:
D:5 =[(=

Portals:
Abyss: D:4

Annotations:
D:7 Joseph


Innate Abilities, Weirdness & Mutations

You are immune to sickness and miasma.
You are immune to poison.
Your flesh is very heat resistant. (rF++)
You are vulnerable to cold. (rC-)
You float through the air rather than walking.
You learn spells naturally, not from books.
Your magical power is your life essence.
You have superior vitality. (+4 MHP)


Message History

* * * LOW HITPOINT WARNING * * *
The sling bullet freezes you.
* * * LOW HITPOINT WARNING * * *
You punch the steam dragon!
* * * LOW HITPOINT WARNING * * *
The steam dragon is severely wounded.
The steam dragon bites you but does no damage.
The steam dragon barely misses you.
You punch the steam dragon!
* * * LOW HITPOINT WARNING * * *
The steam dragon is almost dead.
You hit the steam dragon.
* * * LOW HITPOINT WARNING * * *
The steam dragon is almost dead.
The steam dragon barely misses you.
The steam dragon claws you but does no damage.
You hit the steam dragon.
* * * LOW HITPOINT WARNING * * *
You kill the steam dragon!
The steam dragon scales are intact enough to wear.
Your Unarmed Combat skill increases to level 10!
Your Spellcasting skill increases to level 3!
You hit the wight.
* * * LOW HITPOINT WARNING * * *
The wight is moderately damaged.
Joseph shoots a sling bullet.
The sling bullet hits you but does no damage.
The wight hits you with a +3 halberd.
* * * LOW HITPOINT WARNING * * *
You feel better.
Joseph sighs, "Being a guard is usually so boring..."
Joseph shoots a sling bullet.
The sling bullet hits you!
* * * LOW HITPOINT WARNING * * *
The sling bullet freezes you.
* * * LOW HITPOINT WARNING * * *
The wight closely misses you.
As you read the scroll of teleportation, it crumbles to dust.
You feel strangely unstable.
Joseph shoots a sling bullet.
The sling bullet closely misses you. The wight hits you with a +3 halberd!
You die...

##.......##### ###
###.#..........###.#
#...................
##......)............
#........)...........
#....................
####..†)).........)...
##......#†..........)).
.##.....@##..............
.......@z##..............#
..........§..............#.
..#........@............##.
. #....<...................
....................###...
####...............# .
#.......###.#....#
#.......# .#....#


You could see Joseph and a wight.

Vanquished Creatures
  The ghost of sigtrap the Chopper, an amateur HOMo (D:4)
  A steam dragon (D:7)
  A small abomination (D:4)
  A water moccasin (D:7)
  3 ice beasts
  2 black bears
  A sky beast (D:6)
  An ogre (D:4)
  2 phantoms
  2 elf zombies (Ossuary)
  2 bullfrogs
  3 necrophages
  3 scorpions
  2 elf skeletons (D:4)
  3 wights (D:7)
  A howler monkey (D:6)
  A crimson imp (D:4)
  A centaur zombie (Ossuary)
  A human zombie (Ossuary)
  4 orc priests
  2 hounds
  5 iguanas
  3 human skeletons (D:4)
  7 orc wizards
  2 hound zombies (Ossuary)
  3 mummies (Ossuary)
  4 adders
  4 gnolls (D:4)
  2 shadow imps
  4 adder zombies (Ossuary)
  2 dart slugs
  26 orcs
  2 bats (D:3)
  5 endoplasms
  2 giant cockroaches (D:1)
  10 goblins
  5 hobgoblins
  2 jackals (D:1)
  A quokka (D:5)
  9 ball pythons
  8 frilled lizards
  3 gnoll zombies (Ossuary)
  3 goblin zombies (Ossuary)
  6 hobgoblin zombies (Ossuary)
  5 jackal zombies (Ossuary)
  3 kobolds
  4 kobold zombies (Ossuary)
  An orc skeleton (D:4)
  An orc zombie (Ossuary)
  2 quokka zombies (Ossuary)
  14 rats
  3 rat zombies (Ossuary)
189 creatures vanquished.

Notes
Turn   | Place    | Note
-------+----------+-------------------------------------------
     0 | D:1      | shadowmeld the Djinni Monk began the quest for the Orb.
     0 | D:1      | Reached XP level 1. HP: 20/20 MP: 0/0
   206 | D:1      | Reached XP level 2. HP: 25/25 MP: 0/0
   394 | D:1      | Reached XP level 3. HP: 30/30 MP: 0/0
   394 | D:1      | Learned a level 1 spell: Slow
  1124 | D:2      | Reached skill level 1 in Armour
  1192 | D:2      | Found a faded altar of an unknown god.
  1231 | D:2      | Reached XP level 4. HP: 35/35 MP: 0/0
  1927 | D:3      | Reached skill level 4 in Unarmed Combat
  2014 | D:3      | Reached XP level 5. HP: 40/40 MP: 0/0
  2014 | D:3      | Learned a level 2 spell: Call Imp
  2437 | D:4      | Reached skill level 1 in Spellcasting
  2437 | D:4      | Reached XP level 6. HP: 29/46 MP: 0/0
  2585 | D:4      | Reached skill level 5 in Unarmed Combat
  2616 | D:4      | Found a sand-covered staircase.
  2654 | D:4      | Reached XP level 7. HP: 47/50 MP: 0/0
  2654 | D:4      | Learned a level 2 spell: Wereblood
  2661 | Ossuary  | Entered an ossuary
  2914 | Ossuary  | Reached skill level 6 in Unarmed Combat
  3228 | D:4      | Reached XP level 8. HP: 55/58 MP: 0/0
  3521 | D:4      | Reached skill level 7 in Unarmed Combat
  3801 | D:4      | Found a transporter.
  3853 | D:4      | Found a transporter.
  3857 | D:4      | Noticed sigtrap's ghost (amateur HOMo)
  3878 | D:4      | Found a one-way gate to the infinite horrors of the Abyss.
  4032 | D:4      | Killed sigtrap's ghost
  4075 | D:4      | Reached skill level 5 in Dodging
  4075 | D:4      | Reached XP level 9. HP: 15/63 MP: 0/0
  4075 | D:4      | Learned a level 3 spell: Lesser Beckoning
  4229 | D:5      | Entered Level 5 of the Dungeon
  4544 | D:5      | Reached skill level 8 in Unarmed Combat
  4665 | D:5      | Found a glowing golden altar of the Shining One.
  4677 | D:5      | Became a worshipper of the Shining One
  4677 | D:5      | Reached * piety under the Shining One
  4677 | D:5      | Reached ** piety under the Shining One
  4905 | D:5      | Found Zuuq's Jewellery Emporium.
  4906 | D:5      | Found Bupigg's Weapon Emporium.
  4908 | D:5      | Found Ygidom's Jewellery Emporium.
  4909 | D:5      | Found Vokhaint's Antique Armour Emporium.
  5029 | D:5      | Bought a pair of embroidered gloves for 202 gold pieces
  5211 | D:6      | Reached skill level 5 in Armour
  6119 | D:6      | Found a stormy altar of Qazlal.
  6119 | D:6      | Found a sacrificial altar of Ru.
  6119 | D:6      | Found an ornate altar of the Wu Jian Council.
  6121 | D:6      | Found a shimmering altar of Xom.
  6122 | D:6      | Found a hazy altar of Hepliaklqana.
  6123 | D:6      | Found an opulent altar of Gozag.
  6321 | D:7      | Reached skill level 9 in Unarmed Combat
  6371 | D:7      | Found a staircase to the Ecumenical Temple.
  6387 | D:7      | Reached skill level 5 in Fighting
  6448 | D:7      | Found a bloodstained altar of Trog.
  6497 | D:7      | Reached XP level 10. HP: 67/70 MP: 0/0
  6528 | D:7      | Noticed Joseph
  6571 | D:7      | Reached skill level 10 in Unarmed Combat
  6573 | D:7      | Slain by a wight

Illustrated notes

Levels and vault maps discovered:
D:1:      mrwooster_arrival_arrow, layout_basic
D:2:      layout_loops_ring, shapermc_ecumenical_altar_venn,
          minmay_tiny_reverse_x
D:3:      layout_basic, nicolae_sif_muna_condensation
D:4:      layout_loops_corners, gammafunk_ghost_abyssal_escape,
          nicolae_ossuary_entry_catacombs
D:5:      layout_loops_ring, nicolae_tso_carved_into_rock,
          minmay_shop_grid_forest
D:6:      layout_gridville, minitemple
D:7:      layout_cave_pools, mainiacjoe_overflow_brackets,
          minmay_temple_entry_proselytizer, uniq_joseph

Skill      XL: |  1  2  3  4  5  6  7  8  9 10 |
---------------+-------------------------------+-----
Armour         | 1 2 3 4 5 6 |  6.1
Unarmed Combat | 4 5 6 7 9 10 | 10.0
Dodging        | 4 5 |  5.9
Spellcasting   | 1 2 3 |  3.0
Fighting       | 4 5 |  5.2
Stealth        | |  1.5

Action                   |  1- 3 |  4- 6 |  7- 9 | 10-12 || total
-------------------------+-------+-------+-------+-------++-------
Melee: Unarmed           |   150 |   211 |   503 |    28 ||   892
       Punch             |     5 |     5 |    30 |     4 ||    44
  Use: Scroll            |       |     4 |     2 |     1 ||     7
       Potion            |       |       |     3 |     3 ||     6
Armor: Scale mail        |    42 |    12 |       |       ||    54
       Chain mail        |       |    67 |   219 |    18 ||   304
Dodge: Dodged            |    77 |    89 |   185 |    20 ||   371
